← All builds
Tech / Armada / Economy first / OBSERVED BUILD

Sharpshooter snipers

Armada Tech (Eco) build order · Supreme Isthmus

Standard T2 rush into an early Sharpshooter-led sniper bot push around 8:10-8:38, pairing T2 constructor support for Geo with sniper bots fighting at the middle rather than just economy scaling.

Usually first T2 con to Geo (81%)

#t2 #raid · 98 distinct matches · 50 players · 3% of Armada Tech games · team won 26% of 99 · Recently observed

THE CATCH, AND WHAT COMES WITH IT
  • SharpshooterT2 bot snipers from 8:10 · 6% of role by thenFrom the Advanced Bot Lab. Only 6% of Tech games have it by then; others who build it get it around 9:04

Where those units first fight, in 97 games with kill data: in the middle 55%, on their own side 45%.

Those units destroy a typical 1,385 metal of enemy units by 15:00.

Then transitions into anti-nuke (13% of army).

HOW TO PLAY IT

Key timing: Sharpshooter out by 9:04

  1. Open standard T2 rush with Bot Lab first.
  2. Finish Advanced Bot Lab on the normal T2 timing.
  3. Upgrade mex as usual while eco scales.
  4. Push Sharpshooter snipers from Advanced Bot Lab to fight forward in middle.
  5. Keep producing T2 cons and anti-nuke for the team.

Phase by phase

TYPICAL OF ITS 98 GAMES · AGAINST STANDARD TECH
  1. 1
  2. 2
  3. 3
  4. 4
  5. 5
PLAY THE OPENING

Follow the example game's first 9:10 step by step: what to build now, what comes next, and where it goes. At 1× it keeps pace with your own game.

  1. 1

    Up to the Bot Lab

    Economy
    • Metal Extractor3Mex
    • Wind Turbine4Wind
    Order
    1. Bot LabBot Lab after 3 mex, 4 winddone ~1:17, middle half 1:13–1:38

    Some games also: energy storage (37%)

    By 1:00 in all: 3 mex · 4 wind

    The example game in this phase · 7 steps
    1. Mex
    2. Wind
    3. Mex ×2
    4. Wind
    5. Solar
    6. Wind
    7. Bot LabBot Labdone 1:16 · typical 1:17
  2. 2

    Bot Lab to Advanced Bot Lab

    Economy
    • Metal Extractor1Mex
    • Wind Turbine9Wind
    • Energy Storage1Energy storage
    Order
    1. Advanced Bot LabAdvanced Bot Lab after 4 mex, 13 wind, 3 con turretdone ~4:18, middle half 4:08–4:33
    Builders
    • Construction Turret3 Con turret
    • Lazarus3 Lazarus
    • Construction Bot2 Con bot
    • Construction Bot1 Con bot for allies

    Some games also: converter (42%)

    By 3:22 in all: 4 mex · 13 wind · 1 energy storage · 3 con turret

    The example game in this phase · 17 steps
    1. Wind
    2. LazarusLazarus
    3. Construction BotCon bot
    4. Wind ×2
    5. LazarusLazarus
    6. Wind ×2
    7. Construction BotCon botfor Air
    8. Wind
    9. Mex
    10. LazarusLazarus
    11. Wind
    12. Con turret ×2
    13. LazarusLazarus
    14. Wind ×2
    15. Con turret
    16. Energy storage
    17. Advanced Bot LabAdvanced Bot Labdone 4:13 · typical 4:18
  3. 3

    Advanced Bot Lab to 5:00

    Economy
    • Wind Turbine1Wind−2 vs standard
    Order
    1. Bot LabEat Bot Lab
    Builders
    • Advanced Construction Bot1 T2 con bot for allies

    Some games also: converter (43%)

    By 5:00 in all: 4 mex · 15 wind · 2 converter · 1 energy storage · 3 con turret

    The example game in this phase · 6 steps
    1. Wind
    2. Bot LabEat Bot Labreclaimed for its metal
    3. Wind ×2
    4. Advanced Construction BotT2 con botfor Geo
    5. Advanced Metal ExtractorT2 mexdone 5:01 · typical 5:17
    6. Advanced Construction BotT2 con botfor Air
  4. 4

    5:00 to T2 bot snipers

    Economy
    • Wind Turbine16Wind+5 vs standard
    • Energy Converter1Converter
    Order
    1. SharpshooterT2 bot snipers after 4 mex, 31 wind, 5 converterdone ~8:38, middle half 7:40–9:45
    Builders
    • Butler4 Butler
    • Advanced Construction Bot3 T2 con bot for allies

    Some games also: T2 con bot (35%)

    By 8:10 in all: 4 mex · 31 wind · 5 converter (standard 3) · 1 energy storage · 3 con turret

    The example game in this phase · 77 steps
    1. Advanced Metal ExtractorT2 mex ×2
    2. Advanced Construction BotT2 con botfor Geo sea
    3. Converter
    4. ButlerButler
    5. Converter ×2
    6. ButlerButler
    7. Converter
    8. Advanced Metal ExtractorT2 mex
    9. Converter
    10. ButlerButler
    11. Converter
    12. Advanced Construction BotT2 con bot ×2for Pond
    13. ButlerButler
    14. Wind ×2
    15. ButlerButler
    16. Wind
    17. ButlerButler
    18. Wind ×2
    19. ButlerButler
    20. Wind
    21. Converter
    22. Wind
    23. ButlerButler
    24. Wind
    25. Converter
    26. Wind
    27. ButlerButler
    28. Wind
    29. Converter
    30. Wind
    31. ButlerButler
    32. Wind ×3
    33. ButlerButler
    34. Wind
    35. Converter
    36. Wind ×5
    37. ButlerButler
    38. Converter
    39. Wind ×3
    40. Converter
    41. Wind ×2
    42. ButlerButler
    43. Converter
    44. Wind ×3
    45. Converter
    46. Wind
    47. Converter
    48. ButlerButler
    49. Wind ×3
    50. Converter
    51. Wind
    52. Converter
    53. Wind ×2
    54. Advanced Construction BotT2 con bot
    55. Wind ×5
    56. Converter ×2
    57. Wind ×4
    58. Converter
    59. Wind ×4
    60. Converter
    61. Wind ×3
    62. Converter
    63. Wind ×2
    64. Converter ×2
    65. Wind
    66. Con turret
    67. Wind ×6
    68. Converter
    69. Wind ×2
    70. Con turret
    71. Converter
    72. Wind ×4
    73. Converter
    74. Wind
    75. Converter ×2
    76. Wind ×4
    77. SharpshooterSniper botnot finished by 15:00 · typical 8:38
  5. 5

    T2 bot snipers to 10:00

    Economy
    • Wind Turbine19Wind−11 vs standard
    Army
    • Sharpshooter1 Sniper bot

    Some games also: converter (47%) · Butler (45%) · T2 con bot for allies (42%)

    The standard build makes here, this one skips: 4 converter · 5 Butler

    By 10:00 in all: 4 mex · 54 wind · 7 converter · 1 energy storage · 3 con turret

    The example game in this phase · 114 steps
    1. Wind ×4
    2. Converter
    3. Wind
    4. Converter
    5. Wind ×4
    6. SprinterSprinter
    7. Converter ×3
    8. Wind
    9. SprinterSprinter
    10. Wind ×3
    11. SharpshooterSniper bot
    12. Wind ×5
    13. Converter ×2
    14. Wind ×5
    15. Converter ×3
    16. Wind ×7
    17. Advanced solar
    18. Wind
    19. Converter
    20. Wind
    21. Converter
    22. Wind ×4
    23. Converter ×3
    24. Wind ×4
    25. SharpshooterSniper bot
    26. Wind ×5
    27. Converter
    28. Wind
    29. Converter
    30. Wind ×4
    31. Converter
    32. Wind
    33. Converter
    34. Wind
    35. Converter
    36. Wind ×7
    37. Converter
    38. Wind ×3
    39. Converter
    40. Wind
    41. Converter ×2
    42. Wind ×2
    43. Converter
    44. Wind ×7
    45. Converter
    46. Wind ×3
    47. Converter
    48. Advanced solar
    49. Wind ×3
    50. Converter ×2
    51. Wind
    52. Converter
    53. Wind ×4
    54. Fusion ReactorFusiondone 13:07
    55. Wind ×3
    56. Converter
    57. Wind ×4
    58. Converter ×3
    59. Wind ×2
    60. Converter
    61. Wind ×5
    62. Converter
    63. Wind ×2
    64. Converter
    65. Wind ×4
    66. Converter ×2
    67. Wind
    68. Converter
    69. Wind ×6
    70. Converter
    71. Wind ×2
    72. Converter
    73. Wind ×3
    74. Converter
    75. Wind ×2
    76. Converter
    77. Wind
    78. Converter
    79. Wind ×6
    80. Converter
    81. Wind ×2
    82. Converter
    83. Advanced Bot LabEat Advanced Bot Labreclaimed for its metal
    84. Wind
    85. Converter ×2
    86. Wind
    87. Converter
    88. Wind
    89. Con turret
    90. Converter
    91. Wind
    92. Converter
    93. TracerTracer
    94. Converter ×3
    95. CitadelAnti-nukenot finished by 15:00
    96. Wind
    97. Converter
    98. Wind
    99. Con turret
    100. Converter
    101. Con turret
    102. Converter
    103. Wind ×2
    104. Converter
    105. Con turret
    106. Converter
    107. Wind ×2
    108. Con turret
    109. Advanced Fusion ReactorAdvanced Fusion Reactornot finished by 15:00
    110. Converter
    111. Wind
    112. Converter ×18
    113. Mex
    114. Converter ×3

Counts are medians over the build's games: half of them build more, half fewer. The example game is BenziR's (31 OS, 10/09/2026); pick another.

Team trades

IN AT LEAST 30% OF ITS GAMES

You hand over

  • Construction Bot1 Con bot to Airfirst at 2:24 · in 89% of games
  • Advanced Construction Bot5 T2 con bot to Geo sea or Air or Pondfirst at 4:59 · in 100% of games
  • Butler2 Butler to Geo sea or Beach seafirst at 10:30 · in 36% of games

You get

  • Hercules2 Light transport from Airfirst at 4:05 · in 88% of games

How it plays out

Typical game of this build against the role’s standard build, running totals by minute

  • This build
  • Standard tech

Metal produced

020k40k
0:005:0010:0015:00

metal

Enemy metal destroyed

01k2k3k
0:005:0010:0015:00

metal

Own metal lost

05001k
0:005:0010:0015:00

metal

99 games.

Show as table
ByMetal produced: This buildMetal produced: Standard techEnemy metal destroyed: This buildEnemy metal destroyed: Standard techOwn metal lost: This buildOwn metal lost: Standard tech
1:003833830000
2:009139150000
3:00160316520000
4:00309831430000
5:00486948480000
6:00595358010000
7:00751272300000
8:00930490640000
9:0011440111780000
10:001379313520183000
11:0016225162426500740
12:001895519652101401300
13:002217423430153803210
14:0026192272861801068074
15:0029993315122494108832130
WHAT THE NUMBERS SAY

Won far less often than the standard build, losing a lot more metal for only a modest gain in enemy metal destroyed.

  • + Enemy metal destroyed by 15:00 well above standard (2598 vs 262).
  • − Team win rate collapses to 21% vs standard's 53%.
  • − Own metal lost by 15:00 far exceeds standard (1360 vs 196).
THE EXAMPLE YOU ARE READING

BenziR

31.4 OS · 10/09/2026

Open source match ↗

1 received units
1524 metal received · 51936 energy received

Allied construction assistance is unknown. Timings are observations, not a promise of solo reproducibility.

Typical milestones

Bot Lab1:17Middle 50%: 1:13–1:38 · n=99
Advanced Bot Lab4:18Middle 50%: 4:08–4:33 · n=99
Advanced Metal Extractor5:17Middle 50%: 4:57–5:42 · n=99
Sharpshooter8:38Middle 50%: 7:40–9:45 · n=99

Played most by

Amrissa15games of this buildDRM6games of this buildTheGeneraI5games of this buildenderOS14games of this buildKontraption4games of this build